[Event "Team 45 45 League T28"]
[Site "Internet Chess Club"]
[Date "2005.11.08"]
[Round "8"]
[White "MiroslavR"]
[Black "nightly"]
[Result "0-1"]
[WhiteElo "1972"]
[BlackElo "1918"]
[TimeControl "2700+45"]

1. e4 c5 2. Nc3 g6 3. f4 Bg7 4. Nf3 Nc6 5. Bb5 Nd4 6. O-O e6 7. e5 a6 8. Bd3
Nxf3+ 9. Qxf3 d5 10. exd6 Qxd6 11. b3 Rb8 12. Bb2 Bd4+ 13. Kh1 Nf6 14. Rae1 O-O
15. Bc1 b5 16. Ne4 Nxe4 17. Bxe4 f5 18. Bd3 Bb7 19. Qg3 Rbe8 20. c3 Bg7 21. Be2
e5 22. d3 exf4 23. Bxf4 Qd8 24. Bd2 Qa5 25. Bf3 Bxf3 26. Qxf3 Qxa2 27. Qd5+ Kh8
28. Bg5 Rxe1 29. Rxe1 Qf2 30. Qe6 Bxc3 31. Rc1 Qb2 32. Qe7 Bg7 33. Rxc5 Qxb3 34.
h4 Qf7 35. Qd6 f4 36. Rc7 Qf5 37. Rc5 Qg4 38. Rc7 f3 39. Rc2 f2 {White resigns}
0-1

[Event "Team 45 45 League T28"]
[Site "Internet Chess Club"]
[Date "2005.11.07"]
[Round "8"]
[White "ears"]
[Black "chivo"]
[Result "0-1"]
[WhiteElo "1645"]
[BlackElo "1606"]
[TimeControl "2700+45"]

1. e4 c5 2. Nf3 Nc6 3. d4 cxd4 4. Nxd4 Nf6 5. Nc3 e5 6. Ndb5 d6 7. Bg5 a6 8. Na3
Be6 9. Nc4 Be7 10. Bxf6 gxf6 11. Ne3 Qb6 12. Ned5 Bxd5 13. Nxd5 Qa5+ 14. c3 b5
15. Bd3 Qd8 16. Qh5 h6 17. g3 Bf8 18. f4 Bg7 19. f5 Ne7 20. Nxe7 Kxe7 21. Qf3 h5
22. O-O-O Qb6 23. Kb1 b4 24. cxb4 Qxb4 25. Qe2 Qb6 26. Bc4 a5 27. Qd3 Bh6 28.
Rhf1 Be3 29. Qd5 Rab8 30. Qxf7+ Kd8 31. Qxf6+ Kc7 32. Qe7+ Kc6 33. Rxd6+ Kc5 34.
Rxb6+ Kxb6 35. Rd1 Bd4 36. Qd6+ Kb7 37. Bd5+ Ka7 38. Rc1 Rxb2+ 39. Ka1 Rb6+
{White resigns} 0-1

[Event "Team 45 45 League T28"]
[Site "Internet Chess Club"]
[Date "2005.11.04"]
[Round "8"]
[White "nanning"]
[Black "clarnibass"]
[Result "0-1"]
[WhiteElo "1630"]
[BlackElo "1742"]
[TimeControl "2700+45"]

1. e4 e6 2. d4 d5 3. e5 c5 4. c3 Nc6 5. Nf3 Bd7 6. Be2 Nge7 7. dxc5 Ng6 8. b4
Ncxe5 9. Nbd2 a5 10. Nxe5 Nxe5 11. Nf3 Nxf3+ 12. Bxf3 axb4 13. cxb4 Qf6 14. Bd2
Bb5 15. Be2 Bxe2 16. Kxe2 Be7 17. Qb3 Qg6 18. Qd3 Qxd3+ 19. Kxd3 Bf6 20. Bc3 Ra3
21. Rhc1 d4 22. Kc4 Rxc3+ 23. Rxc3 dxc3 24. a4 Kd7 25. b5 Kc7 26. Rd1 Rd8 27.
Rxd8 c2 28. Rd3 c1=Q+ {White resigns} 0-1

[Event "Team 45 45 League T28"]
[Site "Internet Chess Club"]
[Date "2005.11.07"]
[Round "8"]
[White "DTK"]
[Black "fledermaus"]
[Result "0-1"]
[WhiteElo "2063"]
[BlackElo "2120"]
[TimeControl "2700+45"]

1. e4 c6 2. d4 d5 3. e5 Bf5 4. g4 Be4 5. f3 Bg6 6. e6 Qd6 7. exf7+ Bxf7 8. f4 h5
9. g5 Bg6 10. Bd3 Bxd3 11. Qxd3 Nd7 12. Nf3 h4 13. Ne5 Nxe5 14. dxe5 Qe6 15. h3
O-O-O 16. Be3 d4 17. Bd2 Qd5 18. O-O e6 19. a4 Ne7 20. Na3 Nf5 21. Nc4 Kb8 22.
a5 Be7 23. a6 b6 24. Na3 Bxa3 25. Rxa3 c5 26. c4 dxc3 27. Qxd5 Rxd5 28. Bxc3 Rd3
29. Kh2 Rhd8 30. Rf2 Rd1 31. b4 c4 32. b5 Rb1 33. Ra4 Rdd1 34. Rf3 Rdc1 35. Ra2
Rh1+ 36. Kg2 Rbg1+ 37. Kf2 Rf1+ 38. Kg2 Rhg1+ 39. Kh2 Rxf3 40. Kxg1 Rxc3 {White
resigns} 0-1

[Event "Team 45 45 League T28"]
[Site "Internet Chess Club"]
[Date "2005.11.05"]
[Round "8"]
[White "viking99"]
[Black "tourettes"]
[Result "1-0"]
[WhiteElo "1860"]
[BlackElo "1802"]
[TimeControl "2700+45"]

1. e4 c5 2. Nf3 d6 3. d4 cxd4 4. Nxd4 Nf6 5. f3 a6 6. c4 e6 7. Nc3 Be7 8. Be2
O-O 9. Be3 Nc6 10. O-O Qc7 11. Rc1 Nxd4 12. Bxd4 b6 13. Na4 Nd7 14. Qd2 Bf6 15.
Rfd1 Bxd4+ 16. Qxd4 Nc5 17. Nc3 Nb7 18. b4 Bd7 19. e5 Bc6 20. exd6 Qd7 21. b5
axb5 22. cxb5 Bd5 23. Nxd5 exd5 24. Qxd5 Nc5 25. Qc6 Qe6 26. d7 Qe3+ 27. Kh1 Na4
28. Qxa8 {Black resigns} 1-0

[Event "Team 45 45 League T28"]
[Site "Internet Chess Club"]
[Date "2005.11.06"]
[Round "8"]
[White "kingfischer57"]
[Black "Winclick"]
[Result "0-1"]
[WhiteElo "1739"]
[BlackElo "1767"]
[TimeControl "2700+45"]

1. d4 Nf6 2. c4 e6 3. Nc3 Bb4 4. a3 Bxc3+ 5. bxc3 b6 6. f3 Ba6 7. e4 Nc6 8. e5
Ng8 9. Nh3 Na5 10. Qa4 h6 11. Bd3 Ne7 12. O-O O-O 13. Nf2 Qc8 14. Be3 Nf5 15.
Bd2 d6 16. f4 c5 17. d5 Rd8 18. Rfd1 Qc7 19. dxe6 fxe6 20. Bxf5 exf5 21. Qc2 Rf8
22. exd6 Qxd6 23. Be3 Qe6 24. Re1 Qxc4 25. Bd2 Nc6 26. Be3 Rad8 27. Rad1 Ne7 28.
Bc1 Rxd1 29. Qxd1 Nd5 30. h3 Nxc3 31. Qd2 Ne2+ 32. Kh1 Ng3+ 33. Kh2 Nf1+ 34.
Rxf1 Qxf1 35. Nd1 Qd3 36. Qc2 {White resigns} 0-1

[Event "Team 45 45 League T28"]
[Site "Internet Chess Club"]
[Date "2005.11.03"]
[Round "8"]
[White "bmw2002"]
[Black "crankn8tr"]
[Result "1-0"]
[WhiteElo "1613"]
[BlackElo "1516"]
[TimeControl "2700+45"]

1. c4 Nf6 2. Nc3 g6 3. g3 Bg7 4. Bg2 O-O 5. d4 d6 6. Nf3 c6 7. O-O Na6 8. Bf4
Nc7 9. Re1 Ne6 10. Qd2 Nxf4 11. Qxf4 Bd7 12. e4 Ne8 13. e5 dxe5 14. Nxe5 Nc7 15.
Rad1 Qc8 16. Ne4 Be6 17. b3 f6 18. Nd3 Rd8 19. Ndc5 f5 20. Ng5 Bh6 21. Qh4 Bxg5
22. Qxg5 Kf7 23. Qh6 Kg8 24. Qe3 Kf7 25. Qh6 Kg8 26. Qe3 Kf7 27. h4 b6 28. Nd3
Rd6 29. Ne5+ Kg7 30. Nxc6 Qe8 31. d5 Rxc6 32. dxc6 Kf7 33. Qe5 Rc8 34. Rd4 a6
35. Bd5 Bxd5 36. cxd5 Nb5 37. Rf4 Nd6 38. Qe6+ Kf8 39. g4 Rc7 40. gxf5 Nxf5 41.
Re5 Qc8 42. Qxc8+ Rxc8 43. h5 Kf7 44. hxg6+ hxg6 45. Ree4 b5 46. a4 bxa4 47.
Rxa4 Kf6 48. Rf3 Ke5 49. Rd3 Nd6 50. Rxa6 Nb5 51. Ra5 Nc7 52. d6+ Ke4 53. Re3+
Kd4 54. dxc7 Rxc7 55. Re6 Kc3 56. Rb5 g5 57. Rb7 Rc8 58. c7 Kd4 59. Rxe7 Kd5 60.
Rb8 Rxc7 61. Rxc7 g4 62. Rg7 Ke6 63. Rxg4 Kd6 64. Rh8 Kc5 65. Rh5+ Kd6 66. Rg6+
Ke7 67. Rh7+ Kf8 68. Ra6 Kg8 69. Rb7 Kf8 70. Ra8# {Black checkmated} 1-0

[Event "Team 45 45 League T28"]
[Site "Internet Chess Club"]
[Date "2005.11.03"]
[Round "8"]
[White "hattrick"]
[Black "akdog3"]
[Result "1/2-1/2"]
[WhiteElo "2100"]
[BlackElo "2188"]
[TimeControl "2700+45"]

1. e4 c5 2. Nf3 g6 3. d4 cxd4 4. Nxd4 Nc6 5. Nc3 Bg7 6. Be3 Nf6 7. Bc4 O-O 8.
Bb3 a5 9. f3 d5 10. Bxd5 Nxd5 11. Nxd5 f5 12. c3 fxe4 13. fxe4 e6 14. Nf4 Nxd4
15. cxd4 Bxd4 16. Qxd4 Qxd4 17. Bxd4 Rxf4 {Game drawn by mutual agreement}
1/2-1/2

[Event "Team 45 45 League T28"]
[Site "Internet Chess Club"]
[Date "2005.11.07"]
[Round "8"]
[White "andy4226uk"]
[Black "softbunney"]
[Result "0-1"]
[WhiteElo "1793"]
[BlackElo "2060"]
[TimeControl "2700+45"]

1. e4 c5 2. Nf3 Nc6 3. d4 cxd4 4. Nxd4 Nf6 5. Nc3 e5 6. Ndb5 d6 7. Bg5 a6 8. Na3
b5 9. Bxf6 gxf6 10. Nd5 f5 11. Bd3 Be6 12. Qh5 Bg7 13. O-O f4 14. c4 b4 15. Nb1
Rb8 16. Nd2 Qd7 17. h3 Nd4 18. Nf3 Nxf3+ 19. Qxf3 h5 20. a3 b3 21. Rac1 Rh6 22.
c5 Rg6 23. Kh2 Bg4 24. hxg4 hxg4 25. Qe2 Qd8 26. g3 f3 27. Qe1 Rh6+ 28. Kg1 Qg5
29. Qe3 Qh5 30. Qxh6 Qxh6 31. cxd6 Qh3 32. Ne3 Bh6 33. d7+ Ke7 34. Rc8 Kxd7 35.
Rxb8 Bxe3 36. Bb5+ axb5 37. Rd1+ Bd4 {White resigns} 0-1

[Event "Team 45 45 League T28"]
[Site "Internet Chess Club"]
[Date "2005.11.06"]
[Round "8"]
[White "DeLaSalle"]
[Black "crapalot"]
[Result "1-0"]
[WhiteElo "2039"]
[BlackElo "1881"]
[TimeControl "2700+45"]

1. Nc3 e6 2. f4 d5 3. Nf3 Nf6 4. e3 Be7 5. Be2 c5 6. O-O Nc6 7. d3 d4 8. Ne4
Nxe4 9. dxe4 O-O 10. exd4 Nxd4 11. Nxd4 Qxd4+ 12. Qxd4 cxd4 13. b3 Bc5 14. Bd3
Rd8 15. Bb2 Rd6 16. Rfd1 Bd7 17. e5 Rd5 18. Kf1 Bc6 19. a4 Rdd8 20. Ba3 Bxa3 21.
Rxa3 Rab8 22. Raa1 Rd5 23. Rd2 Rd7 24. Rad1 a6 25. Be2 Rbd8 26. Kf2 b5 27. axb5
axb5 28. Bf3 Bxf3 29. Kxf3 Rd5 30. Ke4 Rc8 31. Rxd4 Rxd4+ 32. Rxd4 Kf8 33. Kd3
Ke7 34. c4 bxc4+ 35. Rxc4 Rd8+ 36. Kc3 Rd1 37. b4 Kd7 38. Rd4+ Rxd4 39. Kxd4 Kc6
40. Kc4 f5 41. exf6 gxf6 42. g4 e5 43. fxe5 fxe5 44. h4 {Black resigns} 1-0

[Event "Team 45 45 League T28"]
[Site "Internet Chess Club"]
[Date "2005.11.06"]
[Round "8"]
[White "ardsrfc"]
[Black "Irvin"]
[Result "0-1"]
[WhiteElo "1853"]
[BlackElo "1791"]
[TimeControl "2700+45"]

1. e4 c5 2. Nf3 d6 3. d4 cxd4 4. Nxd4 Nf6 5. Nc3 g6 6. Be3 Bg7 7. f3 O-O 8. Qd2
Nc6 9. O-O-O d5 10. Nxc6 bxc6 11. exd5 cxd5 12. Bd4 e6 13. g4 Rb8 14. h4 Qe7 15.
g5 Nh5 16. Bxg7 Nxg7 17. f4 Qb7 18. Qg2 Qxb2+ 19. Kd2 Qb4 20. Rb1 Qxf4+ 21. Kd1
Nf5 22. Qe2 Rxb1+ 23. Nxb1 Ng3 24. Qg2 Nxh1 25. Qxh1 f6 26. gxf6 Rxf6 27. Be2 h5
28. Nd2 Qd4 29. Kc1 Qa1+ 30. Nb1 Rf7 31. Qg2 Rb7 32. Qxg6+ Kf8 33. Qh6+ Ke7 34.
Qg5+ Kd7 35. Qxh5 Rxb1+ 36. Kd2 Qd4+ 37. Bd3 Qf2+ 38. Kc3 Qf6+ 39. Kd2 Qf4+ 40.
Kc3 Qb4# {White checkmated} 0-1

[Event "Team 45 45 League T28"]
[Site "Internet Chess Club"]
[Date "2005.11.05"]
[Round "8"]
[White "Burning-Bush"]
[Black "f5"]
[Result "1-0"]
[WhiteElo "2073"]
[BlackElo "2281"]
[TimeControl "2700+45"]

1. d4 f5 2. g3 Nf6 3. Bg2 g6 4. Nh3 Bg7 5. c4 d6 6. d5 Nbd7 7. Nc3 O-O 8. Qc2
Ne5 9. Nb5 c5 10. dxc6 Nxc6 11. Nf4 Kh8 12. O-O e5 13. Nd5 Nxd5 14. cxd5 Nd4 15.
Nxd4 exd4 16. h4 Qb6 17. Bf4 Bd7 18. Qd2 Rfe8 19. Bf3 Bb5 20. Rfe1 Ba6 21. Rab1
Rac8 22. h5 Qb5 23. hxg6 hxg6 24. Bxd6 Qd7 25. Bf4 Bc4 26. d6 Bxa2 27. Ra1 Bc4
28. Rxa7 Ba6 29. Kg2 Rc5 30. Rh1+ Kg8 31. Ra1 Qb5 32. b4 Rc3 33. Qa2+ Kf8 34.
Bg5 d3 35. Be7+ Rxe7 36. dxe7+ Kxe7 37. Qxa6 Qxa6 38. R1xa6 {Black resigns} 1-0

[Event "Team 45 45 League T28"]
[Site "Internet Chess Club"]
[Date "2005.11.05"]
[Round "8"]
[White "PaulKaspar"]
[Black "Gandalf"]
[Result "1-0"]
[WhiteElo "1914"]
[BlackElo "1912"]
[TimeControl "2700+45"]

1. e4 c6 2. d4 d5 3. e5 Bf5 4. Nf3 e6 5. c4 Ne7 6. Nc3 Nd7 7. Be2 dxc4 8. Bxc4
Nb6 9. Be2 Ned5 10. O-O Be7 11. a4 a5 12. Bd2 Nb4 13. Rc1 Bd3 14. Bxd3 Nxd3 15.
Rb1 Nb4 16. Ne2 N6d5 17. Bxb4 Bxb4 18. Ng3 O-O 19. Ne4 Qe7 20. Qc2 h6 21. Nc5
Rad8 22. Nd3 Rd7 23. Rbc1 Rfd8 24. Rfd1 Qf8 25. Nc5 Bxc5 26. Qxc5 Qxc5 27. dxc5
Nf4 28. Rxd7 Rxd7 29. Kf1 Rd5 30. Ne1 Ng6 31. Rc3 Nxe5 32. Rb3 Rxc5 33. Rxb7 Rc1
34. Ke2 Ra1 35. f4 Nc4 36. b3 Nd6 37. Ra7 Rb1 38. Rxa5 Rxb3 39. Rc5 Nf5 40. Nc2
Rb2 41. g4 Nd4+ 42. Kd3 Nxc2 43. Rxc2 Rb4 44. Rc4 Rb6 45. Kd4 Kf8 46. Kc5 Ra6
47. Kd6 g5 48. h3 Kg7 49. fxg5 hxg5 50. Kc7 Ra5 51. Kxc6 Kg6 52. Kb6 Rd5 53. a5
Rd3 54. a6 Rxh3 55. a7 Ra3 56. Rc6 Kf6 57. Kb7 Rxa7+ 58. Kxa7 Ke5 59. Rc1 f5 60.
gxf5 exf5 61. Kb6 f4 62. Kc5 f3 63. Re1+ Kf4 64. Kd4 g4 65. Re4+ Kg3 66. Ke3 Kh4
67. Kf2 Kh3 68. Re8 Kh4 69. Rh8+ Kg5 70. Kg3 Kf5 71. Rg8 f2 72. Kxf2 Kf4 73. Kg2
{Black resigns} 1-0

[Event "Team 45 45 League T28"]
[Site "Internet Chess Club"]
[Date "2005.11.06"]
[Round "8"]
[White "ChessJunior"]
[Black "chsrules88"]
[Result "1-0"]
[WhiteElo "1826"]
[BlackElo "1806"]
[TimeControl "2700+45"]

1. e4 e5 2. Nf3 Nc6 3. d4 exd4 4. Bc4 Be7 5. O-O d6 6. Nxd4 Nxd4 7. Qxd4 Nf6 8.
Nc3 O-O 9. Re1 Be6 10. Nd5 h6 11. Nxe7+ Qxe7 12. Bd3 Rfe8 13. e5 Bd5 14. Bf4 c5
15. Qc3 Nh5 16. exd6 Qd7 17. Be3 b6 18. Be2 Nf6 19. Bxh6 Qxd6 20. Be3 Qc6 21. f3
Bxa2 22. Bf2 Be6 23. Rad1 Rad8 24. Bg3 Nd5 25. Qe5 f6 26. Qh5 Bf7 27. Qh4 Ne3
28. Rxd8 Rxd8 29. Bd3 Nd5 30. Rd1 Ne7 31. Bh7+ Kf8 32. Rxd8+ Be8 33. Qc4 b5 34.
Qe2 Qb6 35. Rd6 Qa5 36. h3 Qa1+ 37. Kh2 Qxb2 38. Re6 {Black resigns} 1-0

[Event "Team 45 45 League T28"]
[Site "Internet Chess Club"]
[Date "2005.11.06"]
[Round "8"]
[White "WhoKilledJFK"]
[Black "GoIrish"]
[Result "1-0"]
[WhiteElo "1888"]
[BlackElo "1596"]
[TimeControl "2700+45"]

1. e4 d6 2. d4 Nf6 3. Nc3 g6 4. f4 Bg7 5. Nf3 O-O 6. Bd3 c6 7. Be3 Qc7 8. e5 Ng4
9. Bg1 dxe5 10. fxe5 c5 11. Qe2 cxd4 12. Bxd4 Nc6 13. Nb5 Qd8 14. Bc3 a6 15. Na3
Qc7 16. O-O-O Ngxe5 17. Nxe5 Nxe5 18. Bxe5 Qxe5 19. Qxe5 Bxe5 20. Nc4 Bc7 21.
Ne3 Bf4 22. Kd2 Be6 23. Ke2 Bxe3 24. Kxe3 Rad8 25. c4 f5 26. a3 f4+ 27. Kf2 Rd4
28. Bf5 Bxf5 29. Rxd4 g5 30. Re1 Kf7 31. c5 Rc8 32. b4 Kf6 33. h4 h6 34. hxg5+
hxg5 35. g3 e5 36. Rd6+ Be6 37. Rh1 Rc6 38. Rh6+ Kf7 39. Rhxe6 {Black resigns}
1-0

[Event "Team 45 45 League T28"]
[Site "Internet Chess Club"]
[Date "2005.11.03"]
[Round "8"]
[White "TheBrewer"]
[Black "Avedldesierto"]
[Result "1/2-1/2"]
[WhiteElo "1580"]
[BlackElo "1645"]
[TimeControl "2700+45"]

1. d4 Nf6 2. Nf3 d6 3. e3 Bg4 4. c4 Nbd7 5. Nbd2 c6 6. Be2 e5 7. O-O Be7 8. b3
Rc8 9. Bb2 Bxf3 10. Bxf3 e4 11. Nxe4 Nxe4 12. Bxe4 Nf6 13. Bf3 d5 14. cxd5 Nxd5
15. Bxd5 Qxd5 16. Qd2 O-O 17. Rac1 Rfd8 18. Rfd1 Rd6 19. Rc5 Qxc5 20. dxc5 Rxd2
21. Rxd2 Bxc5 22. Rd7 b5 23. Bd4 Bxd4 24. Rxd4 c5 25. Rd1 Kf8 26. Kf1 c4 27.
bxc4 bxc4 28. Ke2 Ke7 29. Rd4 c3 30. Kd1 Rb8 31. Rc4 Rb1+ 32. Kc2 Rb2+ 33. Kxc3
Rxa2 34. Rc7+ Kf6 35. Rc6+ Kg5 36. Rc5+ f5 37. f4+ Kg4 38. h3+ Kg3 39. Rxf5 Kxg2
40. Rf7 Kf3 41. Rxg7 Kxe3 42. f5 Rf2 43. Rxh7 Rxf5 44. Rxa7 Rh5 45. Ra3 Kf4 46.
Ra4+ Kg3 47. Kd2 Kxh3 48. Ra3+ Kg2 49. Re3 Rd5+ 50. Kc3 Kf2 51. Re8 {Game drawn
by mutual agreement} 1/2-1/2

[Event "Team 45 45 League T28"]
[Site "Internet Chess Club"]
[Date "2005.11.05"]
[Round "8"]
[White "MoluscoGrotesco"]
[Black "bmw2002"]
[Result "0-1"]
[WhiteElo "1695"]
[BlackElo "1610"]
[TimeControl "2700+45"]

1. f4 d5 2. Nf3 Nf6 3. e3 g6 4. Be2 Bg7 5. O-O O-O 6. c3 c5 7. d4 c4 8. Bd2 Qb6
9. b4 Ne4 10. Be1 a5 11. bxa5 Qb2 12. Nfd2 Qxa1 13. Nxe4 Qxa2 14. Ng3 Nc6 15. f5
Bd7 16. e4 Rxa5 17. fxg6 fxg6 18. exd5 Rxf1+ 19. Kxf1 Rxd5 20. Nd2 Na5 21. Bg4
Qa4 22. Qe2 Bxg4 23. Qxg4 Qd7 24. Qe2 b5 25. Nde4 Nb3 26. Qa2 h6 27. Qa8+ Qd8
28. Qc6 Kh7 29. Ne2 Qf8+ 30. Nf2 Rf5 31. Ng3 Qf6 32. Qd7 Rf4 33. Qxb5 Qe6 34.
Ne2 Rf5 35. Qb7 Qe3 36. Ng3 Nd2+ {White resigns} 0-1

[Event "Team 45 45 League T28"]
[Site "Internet Chess Club"]
[Date "2005.11.08"]
[Round "8"]
[White "fredd"]
[Black "nona"]
[Result "1-0"]
[WhiteElo "1478"]
[BlackElo "1501"]
[TimeControl "2700+45"]

1. d4 g6 2. e4 Bg7 3. Nf3 d6 4. c3 Nd7 5. Bc4 c6 6. O-O Qc7 7. Ng5 Nh6 8. Qf3
O-O 9. Qd1 e5 10. d5 c5 11. Nd2 a6 12. f4 b5 13. Be2 exf4 14. c4 b4 15. Nb3 Ne5
16. Bxf4 a5 17. Nf3 Nhg4 18. h3 Nxf3+ 19. Rxf3 Ne5 20. Rg3 Qe7 21. Bg5 Qc7 22.
Qc1 f5 23. exf5 Bxf5 24. Bh6 a4 25. Bxg7 Qxg7 26. Nd2 Rae8 27. Nf3 Nxf3+ 28.
Bxf3 Qe5 29. Rg5 h6 30. Rxf5 Rxf5 31. Qxh6 Qd4+ 32. Kh1 Qg7 33. Qd2 Ref8 34. Bg4
Rf2 35. Be6+ Kh7 36. Qg5 Rxb2 37. Qh4+ Qh6 38. Qe7+ Qg7 39. Qxd6 Rff2 40. Rg1
Qd4 41. Qc7+ Kh6 42. d6 Rbd2 43. d7 Rfe2 44. Bg4 Rf2 45. Qg3 Qd6 46. Qh4+ Kg7
47. Re1 Rf7 48. Be6 Rf8 49. Kg1 Rd1 50. Rxd1 Qxd1+ 51. Kh2 Qd6+ 52. Kg1 Qxe6 53.
d8=Q Rxd8 54. Qxd8 Qe3+ 55. Kh2 Qf4+ 56. Kg1 Qc1+ 57. Kh2 Qf4+ 58. g3 Qd2+ 59.
Qxd2 {Black resigns} 1-0

[Event "Team 45 45 League T28"]
[Site "Internet Chess Club"]
[Date "2005.11.05"]
[Round "8"]
[White "Chessnut"]
[Black "Thersites"]
[Result "1/2-1/2"]
[WhiteElo "1742"]
[BlackElo "1702"]
[TimeControl "2700+45"]

1. e4 c5 2. Nf3 e6 3. d4 cxd4 4. Nxd4 Nc6 5. Nc3 a6 6. a3 Nge7 7. Be3 Nxd4 8.
Qxd4 Nc6 9. Qd2 Be7 10. Be2 b5 11. O-O Bb7 12. f3 Rc8 13. Rfd1 d6 14. Bf4 e5 15.
Be3 Na5 16. Nd5 Bxd5 17. exd5 Qc7 18. Rac1 Nc4 19. Bxc4 bxc4 20. c3 Rb8 21. Rb1
Rb3 22. Qe2 O-O 23. f4 Bf6 24. fxe5 Bxe5 25. Bd4 Re8 26. Qg4 Qb7 27. Bxe5 Rxe5
28. Qxc4 h6 29. Qd3 Qb6+ 30. Kf1 g6 31. Qd4 Qb5+ 32. Qd3 Qb6 33. Qd4 Qb5+ 34.
Qd3 {Game drawn by mutual agreement} 1/2-1/2

[Event "Team 45 45 League T28"]
[Site "Internet Chess Club"]
[Date "2005.11.07"]
[Round "8"]
[White "tammany"]
[Black "MrShaw"]
[Result "0-1"]
[WhiteElo "1526"]
[BlackElo "1726"]
[TimeControl "2700+45"]

1. e4 e6 2. d4 d5 3. e5 c5 4. c3 Nc6 5. Nf3 Qb6 6. a3 c4 7. Be2 Na5 8. Nbd2 Ne7
9. Rb1 Bd7 10. O-O Ng6 11. Ng5 Be7 12. Ndf3 h6 13. Nh3 Nb3 14. Be3 O-O 15. Nd2
Nxd2 16. Qxd2 f5 17. exf6 Bxf6 18. Bh5 Ne7 19. Nf4 Nf5 20. Ng6 Be8 21. Nxf8 Kxf8
22. Bxe8 Rxe8 23. Rfe1 Qd8 24. Bf4 Nd6 25. f3 g5 26. Be5 Nf5 27. Bxf6 Qxf6 28.
Re5 Nh4 29. Rf1 Kg7 30. Qe1 Ng6 31. Rxd5 Qf4 32. Rd7+ Kf6 33. Qe4 Qd2 34. Qxb7
Rf8 35. Qb4 Re8 36. Rxa7 Nf4 37. Rf2 Qe1+ {White resigns} 0-1

[Event "Team 45 45 League T28"]
[Site "Internet Chess Club"]
[Date "2005.11.07"]
[Round "8"]
[White "jacknor"]
[Black "dougmo"]
[Result "0-1"]
[WhiteElo "1582"]
[BlackElo "1523"]
[TimeControl "2700+45"]

1. Nf3 Nf6 2. c4 b6 3. g3 Bb7 4. Bg2 c5 5. O-O e6 6. b3 d6 7. Bb2 Be7 8. d4 Qc7
9. Nc3 a6 10. dxc5 bxc5 11. Qc2 O-O 12. Nh4 Bxg2 13. Nxg2 Nc6 14. Ne4 Nxe4 15.
Qxe4 Rfe8 16. e3 Bf8 17. Nf4 Rad8 18. Rfd1 Ne5 19. Nd3 Nxd3 20. Rxd3 d5 21. cxd5
exd5 22. Qa4 Qb7 23. Rad1 c4 24. Rxd5 Rc8 25. Rd7 Qf3 26. Bd4 Qxd1+ 27. Kg2 c3
28. Ra7 c2 29. Bb2 c1=Q 30. Bxc1 Qxc1 31. Rxa6 Qc7 32. Kg1 Qb7 {White resigns}
0-1

[Event "Team 45 45 League T28"]
[Site "Internet Chess Club"]
[Date "2005.11.08"]
[Round "8"]
[White "e4ia"]
[Black "EyeAm"]
[Result "1-0"]
[WhiteElo "1545"]
[BlackElo "1326"]
[TimeControl "2700+45"]

1. d4 f5 2. h3 Nf6 3. g4 fxg4 4. hxg4 e6 5. Qd3 g6 6. Bg5 d5 7. Nf3 Bg7 8. Ne5
O-O 9. Qh3 Nbd7 10. Nxd7 Qxd7 11. Bxf6 Rxf6 12. Qxh7+ Kf8 13. g5 Rf5 14. Qxg6
Bxd4 15. Qh6+ Qg7 16. c3 Bxf2+ 17. Kd1 Rxg5 18. Qh8+ Qg8 19. Qf6+ Ke8 20. Rh8
{Black resigns} 1-0

[Event "Team 45 45 League T28"]
[Site "Internet Chess Club"]
[Date "2005.11.06"]
[Round "8"]
[White "Knight-Rookie"]
[Black "chesskix"]
[Result "1-0"]
[WhiteElo "1409"]
[BlackElo "1430"]
[TimeControl "2700+45"]

1. e4 e5 2. Nf3 d6 3. d4 Nd7 4. d5 a6 5. c4 Nc5 6. Nc3 Nf6 7. Bg5 Be7 8. Qc2 O-O
9. b4 Ncd7 10. Bd3 b6 11. O-O Ne8 12. Bxe7 Qxe7 13. Ne2 Ndf6 14. h3 h6 15. Nh4
g6 16. f4 Nh7 17. Nf3 f6 18. Nh4 Kg7 19. Rf3 f5 20. Nxg6 Kxg6 21. exf5+ Rxf5 22.
Ng3 Ng7 23. fxe5 Qxe5 24. Raf1 Qd4+ 25. Kh1 Ng5 26. Bxf5+ Bxf5 27. Rxf5 Ne4 28.
Rf6+ Kh7 29. Nxe4 Nh5 30. Ng5+ {Black resigns} 1-0

[Event "Team 45 45 League T28"]
[Site "Internet Chess Club"]
[Date "2005.11.05"]
[Round "8"]
[White "hotzoddy"]
[Black "Mississippian"]
[Result "0-1"]
[WhiteElo "1278"]
[BlackElo "1477"]
[TimeControl "2700+45"]

1. e4 d6 2. Nc3 Nf6 3. d4 g6 4. Bc4 Bg7 5. d5 O-O 6. Nf3 Nbd7 7. O-O a6 8. a3 b5
9. Ba2 Bb7 10. Rb1 c5 11. dxc6 Bxc6 12. Re1 Nc5 13. Bd5 Nxd5 14. exd5 Bd7 15.
Bg5 Re8 16. Qd2 Bg4 17. Qf4 Bf5 18. Re2 Bxc3 19. bxc3 Na4 20. Rb3 Rc8 21. Qe3 f6
22. Bh4 Rc4 23. Nd4 Bd7 24. Ne6 Qa8 25. Qh6 Bxe6 26. dxe6 Qd5 27. Re1 Nxc3 28.
Kf1 Na4 29. Rc3 Rxc3 30. Re2 Rxc2 31. Qe3 Rxe2 32. Qxe2 Rc8 33. f3 Rc1+ 34. Kf2
Nc3 35. Bxf6 Nxe2 36. Bxe7 Qxe6 37. Bxd6 Qxd6 38. Kxe2 Qe5+ 39. Kd3 Rc3+ {White
resigns} 0-1

[Event "Team 45 45 League T28"]
[Site "Internet Chess Club"]
[Date "2005.11.08"]
[Round "8"]
[White "Prop"]
[Black "MJBerkey88"]
[Result "0-1"]
[WhiteElo "1280"]
[BlackElo "1510"]
[TimeControl "2700+45"]

1. e4 e6 2. Nf3 d5 3. Nc3 d4 4. Nb5 Nc6 5. c3 e5 6. Qc2 a6 7. Na3 Nf6 8. Bd3 Bc5
9. b4 Bb6 10. Nc4 dxc3 11. Nxb6 cxb6 12. Qxc3 Nd4 13. Nxe5 a5 14. Ba3 Qd6 15.
Nc4 Qd8 16. bxa5 bxa5 17. Rb1 Ra6 18. Ne5 Re6 19. Bb5+ Nxb5 20. Rxb5 Nxe4 21.
Qxa5 Qxa5 22. Rxa5 b6 23. Rb5 f6 24. d3 Nc3 25. Rxb6 Rxb6 26. O-O Rb1 27. Rxb1
Nxb1 28. Nc4 Nxa3 29. Nxa3 Be6 30. Nc4 Bxc4 31. dxc4 Kd7 32. a4 Rc8 33. f4 Rxc4
34. g3 Rxa4 35. h4 Ra2 36. g4 Kd6 37. f5 Ke5 38. h5 Kf4 {White resigns} 0-1

[Event "Team 45 45 League T28"]
[Site "Internet Chess Club"]
[Date "2005.11.05"]
[Round "8"]
[White "Ferdyrojo"]
[Black "EyeAm"]
[Result "1-0"]
[WhiteElo "1266"]
[BlackElo "1334"]
[TimeControl "2700+45"]

1. d4 f5 2. Nf3 Nf6 3. Nc3 e6 4. Bg5 Bb4 5. a3 Bxc3+ 6. bxc3 O-O 7. g3 Qe8 8.
Bxf6 Rxf6 9. Bg2 d6 10. O-O Qc6 11. Qd3 Na6 12. Rfb1 Rb8 13. a4 Qe8 14. Nd2 c5
15. Rb2 b6 16. a5 b5 17. dxc5 Nxc5 18. Qxd6 Nd7 19. Qb4 a6 20. f4 Bb7 21. Bxb7
Rxb7 22. Nc4 Rc7 23. Nd6 Qb8 24. Rd1 Nc5 25. c4 Na4 26. Rb3 Rd7 27. cxb5 axb5
28. Qxb5 Qxb5 29. Rxb5 Nc3 30. Rb8+ Rf8 31. Rxf8+ Kxf8 32. Rd3 Nxe2+ 33. Kf2 Nc1
34. Rd4 Ke7 35. Nb5 Rxd4 36. Nxd4 Kd7 37. Ke3 Kc7 38. Nxe6+ Kb7 39. Nxg7 Ka6 40.
Nxf5 Kxa5 41. Ke4 Kb5 42. Kd5 Ne2 43. Nd4+ {Black resigns} 1-0

[Event "Team 45 45 League T28"]
[Site "Internet Chess Club"]
[Date "2005.11.05"]
[Round "8"]
[White "Gomer"]
[Black "Havoc"]
[Result "1-0"]
[WhiteElo "1331"]
[BlackElo "1310"]
[TimeControl "2700+45"]

1. e4 d6 2. Bc4 Nf6 3. Nc3 c6 4. d3 b5 5. Bb3 e5 6. f4 Nbd7 7. f5 Nc5 8. Nf3 Be7
9. O-O Bb7 10. Ng5 Nxb3 11. axb3 O-O 12. Qf3 d5 13. Qg3 Bc5+ 14. Kh1 Bd4 15. Nf3
Re8 16. Bh6 Nh5 17. Qg4 g6 18. Nxd4 exd4 19. Ne2 dxe4 20. dxe4 c5 21. Ng3 Nxg3+
22. Qxg3 Bxe4 23. fxg6 Bxg6 24. Rxf7 Kh8 25. Raf1 Rg8 26. Qe5+ {Black resigns}
1-0  Bestgm(71): acepta kafarov Bestgm(71): acepta kafarov Bestgm(71): acepta
kafarov

[Event "Team 45 45 League T28"]
[Site "Internet Chess Club"]
[Date "2005.11.06"]
[Round "8"]
[White "gatoruss"]
[Black "BosqueVerde"]
[Result "1-0"]
[WhiteElo "1321"]
[BlackElo "1269"]
[TimeControl "2700+45"]

1. d4 d5 2. c4 c6 3. Nc3 Nf6 4. Bg5 e6 5. e4 Bb4 6. e5 Bxc3+ 7. bxc3 Qa5 8. exf6
Qxc3+ 9. Bd2 Qxd4 10. fxg7 Qxg7 11. cxd5 Qe5+ 12. Be3 exd5 13. Be2 Rg8 14. Nf3
Qc3+ 15. Bd2 Qg7 16. Bf1 Be6 17. g3 Nd7 18. Bf4 Qc3+ 19. Bd2 Qg7 20. Rb1 b5 21.
Ba5 Nb6 22. Qc2 Kd7 23. Qc5 Rge8 24. Be2 Nc4 25. Rxb5 Nxa5 26. Rxa5 Qa1+ 27. Kd2
Qxh1 28. Ne5+ Kc8 29. Qxc6+ Kd8 30. Qd6+ Kc8 31. Ba6# {Black checkmated} 1-0